 Dungeon Crawl Stone Soup version 0.28.0-53-g5a82cb258f (webtiles) character file.

Game seed: 16964753138291951104

35 Tirrikindir the Shield-Bearer (level 3, -1/26 HPs)
             Began as an Octopode Fighter on Aug 6, 2022.
             Was a Follower of Makhleb.
             Slain by a gnoll
             ... wielding a +0 spear
              (9 damage)
             ... on level 2 of the Dungeon.
             The game lasted 00:02:42 (1340 turns).

Tirrikindir the Shield-Bearer (Octopode Fighter)    Turns: 1340, Time: 00:02:42

Health: -1/26      AC:  1    Str: 15    XL:     3   Next: 35%
Magic:  3/3        EV: 13    Int: 10    God:    Makhleb [*.....]
Gold:   47         SH:  4    Dex: 13    Spells: 2/2 levels left

rFire   . . .      SeeInvis .   a - +0 long sword
rCold   . . .      Faith    .   b - +0 buckler
rNeg    . . .      Spirit   .   (helmet restricted)
rPois   .          Reflect  .   (no amulet)
rElec   .          Harm     .   (no ring)
rCorr   .          Rampage  .   (no ring)
Will    .....                   (no ring)
Stlth   +++.......              (no ring)
HPRegen 0.08/turn               (no ring)
MPRegen 0.08/turn               (no ring)
                                (no ring)
                                (no ring)

@: no status effects
A: almost no armour, amphibious, 8 rings, camouflage 1, gelatinous body 1,
(nimble swimmer 1), tentacles
a: Renounce Religion


You were on level 2 of the Dungeon.
You worshipped Makhleb.
Makhleb was aware of your devotion.
You visited 1 branch of the dungeon, and saw 2 of its levels.

You collected 47 gold pieces.

Inventory:

Hand Weapons
 a - a +0 long sword (weapon)
Missiles
 d - 2 throwing nets (quivered)
Armour
 b - a +0 buckler (worn)
Scrolls
 e - a scroll of magic mapping {unknown}
Potions
 c - a potion of might


   Skills:
 + Level 3.2 Fighting
 * Level 2.6 Long Blades
 + Level 3.2 Dodging
 + Level 1.3 Stealth
 + Level 3.2 Shields
 + Level 0.0 Invocations


You had 2 spell levels left.
You didn't know any spells.
Your spell library was empty.

Dungeon Overview and Level Annotations

Branches:
Dungeon (2/15)

Altars:
Makhleb


Innate Abilities, Weirdness & Mutations

You cannot wear most types of armour.
You are amphibious.
You can wear up to eight rings at the same time.
Your skin changes colour to match your surroundings (Stealth+).
Your rubbery body absorbs attacks. (AC +1, EV +1)
((You are camouflaged when in or above water. (Stealth+)))
You have tentacles for arms and can constrict up to eight enemies at once.


Message History

You kill the goblin!
Makhleb accepts your kill.
You see here a +0 dagger.
You see here a +0 dagger.
You see here a +0 dagger.
A worm comes into view.
A hobgoblin comes into view.
A bat comes into view.
A giant cockroach and a ball python come into view.
A gnoll comes into view. It is wielding a +0 club.
An adder comes into view.
You start waiting.
A worm is nearby!
You slash the worm! You grab the worm. You squeeze the worm.
The worm is severely wounded.
You constrict the worm. The worm bites you.
You hit the worm but do no damage.
The worm is severely wounded.
You constrict the worm.
You kill the worm!
Makhleb accepts your kill.
You start resting.
A gnoll comes into view. It is wielding a +0 flail.
The gnoll moves out of view.
A gnoll comes into view. It is wielding a +0 spear.
Okay, then.
A gnoll comes into view. It is wielding a +0 club.
You see here a worm corpse.
The gnoll shouts!
You hear a shout!
A quokka comes into view.
The gnoll shouts!
You closely miss the gnoll. Your grab misses the gnoll.
The gnoll hits you with a +0 club.
You barely miss the gnoll. Your grab misses the gnoll.
The gnoll hits you with a +0 club.
The gnoll hits you from afar with a +0 spear!
* * * LOW HITPOINT WARNING * * *
The gnoll misses you.
The gnoll hits you from afar with a +0 spear!
You die...

### #.#### #....##
#.##..####### #.###.#......
#.###....# ######
#######......g.# .....#
#............#.# .....##
###.##########@#.# .......
##...# ##.#.####.......
#..#### ##..g............
##....# ##..##............
####.######..###...#g###.#.
#...........)##.#...#
########.).#.##.###.# #.
###.#..#.# .r.#.b.B
#..#..†####..#..g#.


You could see 2 gnolls.

Vanquished Creatures
  A worm (D:2)
  3 dart slugs (D:1)
  2 ball pythons (D:1)
  5 endoplasms (D:1)
  A giant cockroach (D:1)
  A goblin (D:2)
  4 hobgoblins (D:1)
  A quokka (D:1)
  4 bats (D:1)
  2 rats (D:1)
24 creatures vanquished.

Notes
Turn   | Place    | Note
-------+----------+-------------------------------------------
     0 | D:1      | Tirrikindir the Octopode Fighter began the quest for the
                  | Orb.
     0 | D:1      | Reached XP level 1. HP: 16/16 MP: 1/1
     0 | D:1      | Noticed a minotaur skeleton
    13 | D:1      | Noticed a minotaur skeleton
    16 | D:1      | Noticed a naga
    18 | D:1      | Noticed an ogre
    18 | D:1      | Noticed a troll
    20 | D:1      | Noticed a minotaur skeleton
   140 | D:1      | Reached XP level 2. HP: 18/21 MP: 2/2
   368 | D:1      | Reached skill level 1 in Stealth
   601 | D:1      | Reached XP level 3. HP: 22/26 MP: 3/3
   886 | D:1      | Found a faded altar of an unknown god.
   910 | D:1      | Prayed at the altar of an unknown god.
   910 | D:1      | Became a worshipper of Makhleb the Destroyer
   910 | D:1      | Reached * piety under Makhleb
  1340 | D:2      | Slain by a gnoll

Illustrated notes

Levels and vault maps discovered:
D:1:      shiori_arrival_whats_in_store_for_you, layout_basic,
          shapermc_ecumenical_altar_totnotflames
D:2:      layout_rooms, serial_bayou_pond_a, uniq_natasha,
          uniq_crazy_yiuf_cottage

Skill      XL: |  1  2 |
---------------+-------+-----
Stealth        | 1 |  1.3
Fighting       | |  3.2
Long Blades    | |  2.6
Dodging        | |  3.2
Shields        | |  3.2

Action                   || total
-------------------------++-------
Melee: Long sword        ||    46
       Constrict         ||     9
       Tentacles         ||     7
 Stab: Sleeping          ||     5
Armor: Skin              ||     3
Dodge: Dodged            ||    22
Block: Buckler           ||     6
